 Dungeon Crawl Stone Soup version 0.30-a0-371-gad7725a93e (webtiles) character file.

Game seed: 5710867345472263766

326 skoleks the Cudgeller (level 6, -9/48 HPs)
             Began as a Human Berserker on Nov 21, 2022.
             Was a Priest of Trog.
             Killed by divine providence
             ... invoked by an orc priest
              (17 damage)
             ... on level 5 of the Dungeon.
             The game lasted 00:13:37 (3700 turns).

skoleks the Cudgeller (Human Berserker)             Turns: 3700, Time: 00:13:38

Health: -9/48      AC: 16    Str: 19    XL:     6   Next: 79%
Magic:  6/6        EV:  6    Int:  7    God:    Trog [***...]
Gold:   223        SH:  0    Dex: 13    Spells: 5/5 levels left

rFire   . . .      SeeInvis .    v - +0 whip (venom)
rCold   . . .      Faith    +    (no shield)
rNeg    + . .      Spirit   .    x - +0 plate armour
rPois   .          Reflect  .    m - +0 helmet
rElec   .          Harm     .    y - +2 cloak
rCorr   .          Rampage  .    (no gloves)
Will    ++...                    (no boots)
Stlth   ..........               r - amulet of faith
HPRegen 1.28/turn                s - ring of positive energy
MPRegen 0.10/turn                (no ring)

@: strong-willed, on berserk cooldown, regenerating, slowed, very slow
A: camouflage 1, wild magic 1
a: Renounce Religion, Berserk, Trog's Hand


You were on level 5 of the Dungeon.
You worshipped Trog.
Trog was most pleased with you.
You visited 1 branch of the dungeon, and saw 5 of its levels.

You collected 223 gold pieces.

Inventory:

Hand Weapons
 v - a +0 whip of venom (weapon)
Missiles
 A - 2 throwing nets (quivered)
Armour
 d - a +0 scale mail
 f - a +0 ring mail
 j - a +0 cloak
 k - a +0 ring mail
 m - a +0 helmet (worn)
 o - a scarf of repulsion
 x - a +0 plate armour (worn)
 y - a +2 cloak (worn)
 z - a +0 plate armour
Jewellery
 r - an amulet of faith (around neck)
 s - a ring of positive energy (left hand)
Scrolls
 h - a scroll of magic mapping
 n - a scroll of blinking
 q - a scroll of noise
Potions
 c - 2 potions of degeneration
 e - a potion of magic
 l - 2 potions of attraction
 t - 4 potions of flight
 u - a potion of curing {unknown}


   Skills:
 + Level 3.8 Fighting
 + Level 5.0 Maces & Flails
 + Level 4.0 Armour
 + Level 2.9 Dodging
 + Level 0.4 Stealth


You had 5 spell levels left.
You didn't know any spells.
Your spell library contained the following spells:

 Spells                   Type           Power      Damage    Failure   Level
 Cigotuvi's Dreadful Rot  Necr/Pois/Air  0%         N/A       100%        2
 Poisonous Vapours        Pois/Air       0%         N/A       100%        2
 Mephitic Cloud           Conj/Pois/Air  0%         N/A       100%        3


Dungeon Overview and Level Annotations

Branches:
Dungeon (5/15)
 Temple: D:4-7

Altars:

Shops:
D:2 *


Innate Abilities, Weirdness & Mutations

Your skin changes colour to match your surroundings (Stealth+).
Your spells are a little harder to cast, but a little more powerful.


Message History

You barely miss the orc.
The orc priest invokes the aid of Beogh against you.
Pain shoots through your body! The orc hits you but does no damage.
You hit the orc.
The orc is poisoned.
The orc is heavily wounded.
The orc priest looks encouraged for a moment.
The orc priest hits you with a +0 club. The orc hits you with a +0 falchion.
Blink to where?
Press: ? - help, Dir - move target
Okay, then.
You feel extremely strange.
Your skin feels very cold.
You feel less in control of your magic.
Your skin warms up.
Your skin functions as natural camouflage.
You kill the orc!
Trog accepts your kill.
The orc priest hits you but does no damage. x2
The orc priest begins to cast a cantrip, but forgets the words!
You barely miss the orc priest.
You punch the orc priest, but do no damage.
The orc priest is moderately wounded.
The orc priest calls down the wrath of Beogh upon you.
Beogh smites you!
* * * LOW HITPOINT WARNING * * *
The orc priest barely misses you.
Your skin crawls.
You feel strong-willed.
The orc priest looks braver for a moment.
The orc priest hits you but does no damage.
The orc priest completely misses you.
The orc priest hits you but does no damage.
You barely miss the orc priest.
The orc priest is moderately wounded.
The orc priest hits you but does no damage. x2
You hit the orc priest but do no damage.
The orc priest is poisoned.
The orc priest is moderately wounded.
The orc priest mumbles some strange prayers to Beogh against you.
Beogh smites you!
You die...

## ## ##. .# ..#.
... ###### #.#
#.@oo#
#.#####.#####o##.#
#......<......# #
#######.#######
#.# ..# .### #. #


You could see 2 orc priests and an orc.

Vanquished Creatures
  An ice beast (D:5)
  A necrophage (D:4)
  2 iguanas
  2 adders
  6 worms
  2 dart slugs
  4 orcs
  9 ball pythons
  4 bats
  10 endoplasms
  3 giant cockroaches
  4 goblins
  10 hobgoblins
  7 jackals
  2 quokkas
  A frilled lizard (D:2)
  5 kobolds
  7 rats
80 creatures vanquished.

Notes
Turn   | Place    | Note
-------+----------+-------------------------------------------
     0 | D:1      | skoleks the Human Berserker began the quest for the Orb.
     0 | D:1      | Reached XP level 1. HP: 18/18 MP: 1/1
   269 | D:1      | Reached XP level 2. HP: 24/24 MP: 2/2
   863 | D:2      | Found Leytet's General Store.
   875 | D:2      | Reached XP level 3. HP: 27/29 MP: 3/3
  1028 | D:2      | Reached ** piety under Trog
  1107 | D:2      | Reached XP level 4. HP: 26/35 MP: 4/4
  2056 | D:3      | Reached skill level 4 in Maces & Flails
  2400 | D:3      | Reached *** piety under Trog
  2580 | D:4      | Noticed a necrophage
  2618 | D:4      | Killed a necrophage
  2619 | D:4      | Reached XP level 5. HP: 24/41 MP: 5/5
  3236 | D:4      | Reached XP level 6. HP: 38/47 MP: 6/6
  3664 | D:5      | Entered Level 5 of the Dungeon
  3664 | D:5      | Noticed an ice beast
  3675 | D:5      | Killed an ice beast
  3689 | D:5      | Reached skill level 5 in Maces & Flails
  3696 | D:5      | Gained mutation: A frigid envelope surrounds you and
                  | freezes all who hurt you. [potion of mutation]
  3696 | D:5      | Gained mutation: Your spells are a little harder to cast,
                  | but a little more powerful. [potion of mutation]
  3696 | D:5      | Lost mutation: A frigid envelope surrounds you and freezes
                  | all who hurt you. [potion of mutation]
  3696 | D:5      | Gained mutation: Your skin changes colour to match your
                  | surroundings (Stealth+). [potion of mutation]
  3697 | D:5      | HP: 2/48 [orc priest/divine providence (14)]
  3700 | D:5      | Killed from afar by an orc priest

Illustrated notes

Levels and vault maps discovered:
D:1:      erik_arrival_blinker_ship, layout_basic, minmay_pentomino_r2
D:2:      layout_basic, serial_shops, shop
D:3:      layout_loops_corners, minmay_misc_feat_rugged, grunt_ministairs_14
D:4:      layout_basic, cheibrodos_sewer_entry_bend
D:5:      layout_loops_ring, minmay_temple_entry_ruins, uniq_ijyb

Skill      XL: |  1  2  3  4  5  6 |
---------------+-------------------+-----
Armour         | 3 4 |  4.0
Maces & Flails | 4 5 |  5.0
Fighting       | |  3.8
Dodging        | |  2.9
Stealth        | |  0.4

Action                   |  1- 3 |  4- 6 || total
-------------------------+-------+-------++-------
Melee: Mace              |    93 |    66 ||   159
       Punch             |     1 |     2 ||     3
       Whip              |       |   139 ||   139
Invok: Trog's Hand       |       |     2 ||     2
       Berserk           |       |     1 ||     1
  Use: Scroll            |     1 |     8 ||     9
       Potion            |       |     1 ||     1
Armor: Ring mail         |    56 |    38 ||    94
       Animal skin       |     1 |       ||     1
       Plate armour      |       |    34 ||    34
Dodge: Dodged            |    78 |    87 ||   165

Table legend: (Time is in decaauts)
 A = Elapsed time spent in this place.
 B = Non-inter-level travel time spent in this place.
 C = Inter-level travel time spent in this place.
 D = Time resting spent in this place.
 E = Time spent auto-exploring this place.
 F = Levels seen in this place.
 G = Mean time per level.
                   A        B        C        D        E       F      G
               +--------+--------+--------+--------+--------+-----+--------+
         Total |   3731 |   3615 |    116 |      0 |   2662 |   5 |  746.2 |
       Dungeon |   3731 |   3615 |    116 |      0 |   2662 |   5 |  746.2 |
               +--------+--------+--------+--------+--------+-----+--------+

Top non-repeatable levels by time:
     D:3: 1109 daAuts
     D:4: 1080 daAuts
     D:1: 872 daAuts
     D:2: 629 daAuts
     D:5: 39 daAuts
